 Dungeon Crawl Stone Soup version 0.27-a0-1196-g3e9cee4cb2 (webtiles) character file.

Game seed: 1142597703652886980

20463 pokeman the Eclecticist (level 12, -7/68 HPs)
             Began as a Deep Elf Hedge Wizard on May 28, 2021.
             Was an Elder of Vehumet.
             Killed from afar by a tengu reaver (65 damage)
             ... with a bolt of fire
             ... on level 12 of the Dungeon.
             The game lasted 00:50:49 (18613 turns).

pokeman the Eclecticist (Deep Elf Hedge Wizard)    Turns: 18613, Time: 00:50:50

Health: -7/68      AC: 12    Str:  7    XL:     12   Next: 45%
Magic:  12/34      EV: 15    Int: 25    God:    Vehumet [****..]
Gold:   986        SH:  5    Dex: 14    Spells: 11/43 levels left

rFire    . . .     SeeInvis .   F - +2 dagger (venom)
rCold    . . .     Faith    +   B - +0 buckler
rNeg     . . .     Spirit   .   a - +0 acid dragon scales
rPois    +         Reflect  .   i - +0 helmet
rElec    .         Harm     .   p - +0 cloak
rCorr    +         Rampage  .   Q - +0 pair of gloves
Will     +....                  q - +0 pair of boots
Stlth    ++........             s - amulet of faith
HPRegen  0.21/turn              f - ring of poison resistance
MPRegen  0.24/turn              G - +4 ring of evasion

@: no status effects
A: no striking features
a: Renounce Religion


You were on level 12 of the Dungeon.
You worshipped Vehumet.
Vehumet was greatly pleased with you.
You visited 2 branches of the dungeon, and saw 13 of its levels.
You also visited: Ossuary.

You collected 986 gold pieces.

Inventory:

Hand Weapons
 b - a +0 hand crossbow
 t - the +4 hunting sling of Grontol {venom, rF+ rC+ Dex-3}
   (You found it on level 4 of the Dungeon)

   It poisons the ammo it fires.
   It affects your dexterity (-3).
   It protects you from fire.
   It protects you from cold.
 A - a +0 shortbow
 F - a +2 dagger of venom (weapon)
 U - the +9 falchion of Articulation {vorpal, Int+3}
   (You found it on level 11 of the Dungeon)

   It inflicts extra damage upon your enemies.
   It affects your intelligence (+3).
Missiles
 j - 158 bolts
 k - 311 arrows
 N - a curare-tipped dart
Armour
 a - +0 acid dragon scales (worn)
 i - a +0 helmet (worn)
 p - a +0 cloak (worn)
 q - a +0 pair of boots (worn)
 B - a +0 buckler (worn)
 Q - a +0 pair of gloves (worn)
 T - a +0 troll leather armour
Jewellery
 f - a ring of poison resistance (left hand)
 s - an amulet of faith (around neck)
 y - an amulet of guardian spirit
 G - a +4 ring of evasion (right hand)
 O - an amulet of the acrobat
 W - an amulet of magic regeneration
Wands
 C - a wand of paralysis (3)
 D - a wand of mindburst (23)
 R - a wand of charming (6)
 X - a wand of acid (2)
Scrolls
 d - 5 scrolls of magic mapping
 e - 6 scrolls of identify {unknown}
 h - 2 scrolls of enchant weapon {unknown}
 m - 3 scrolls of vulnerability {unknown}
 r - 3 scrolls of fog {unknown}
 v - a scroll of acquirement {unknown}
 x - 2 scrolls of fear {unknown}
 I - a scroll of amnesia
 M - 2 scrolls of teleportation
 P - 2 scrolls of brand weapon {unknown}
 S - a scroll of blinking {unknown}
Potions
 c - 2 potions of cancellation {unknown}
 g - a potion of flight {unknown}
 l - 2 potions of lignification {unknown}
 n - 4 potions of heal wounds {unknown}
 o - 3 potions of haste {unknown}
 u - 2 potions of attraction {unknown}
 w - a potion of ambrosia {unknown}
 z - 2 potions of might {unknown}
 E - 3 potions of curing
 H - 3 potions of magic {unknown}
 J - a potion of degeneration {unknown}
 K - a potion of brilliance {unknown}
 L - 2 potions of mutation {unknown}
 V - a potion of berserk rage {unknown}


   Skills:
 - Level 5.0 Fighting
 + Level 5.1 Armour
 - Level 3.0 Dodging
 - Level 3.0 Stealth
 - Level 4.0 Shields
 * Level 16.1 Spellcasting
 + Level 10.0 Conjurations
 - Level 1.3 Hexes
 - Level 1.1 Summonings
 - Level 1.1 Translocations
 + Level 9.3 Fire Magic
 - Level 1.0 Ice Magic
 - Level 1.0 Air Magic
 - Level 1.0 Earth Magic
 - Level 1.0 Poison Magic
 - Level 2.0 Evocations


You had 11 spell levels left.
You knew the following spells:

 Your Spells              Type           Power      Damage    Failure   Level
a - Magic Dart            Conj           100%       1d8       1%          1
b - Mephitic Cloud        Conj/Pois/Air  40%        N/A       1%          3
c - Call Imp              Summ           25%        N/A       4%          2
d - Blink                 Tloc           N/A        N/A       4%          2
e - Conjure Flame         Conj/Fire      62%        6-21      1%          3
f - Foxfire               Conj/Fire      100%       2x1d9     1%          1
g - Stone Arrow           Conj/Erth      94%        3d12      1%          3
h - Swiftness             Air            25%        N/A       9%          3
i - Apportation           Tloc           50%        N/A       3%          1
j - Freezing Cloud        Conj/Ice/Air   20%        6-21      32%         6
k - Shock                 Conj/Air       100%       1d9       1%          1
l - Shadow Creatures      Summ           N/A        N/A       99%         6

Your spell library contained the following spells:

 Spells                   Type           Power      Damage    Failure   Level
 Frozen Ramparts          Ice            50%        1d7       2%          3
 Freeze                   Ice            100%       1d11      1%          1
 Poisonous Vapours        Pois/Air       50%        N/A       1%          2
 Searing Ray              Conj           100%       3d7       1%          2
 Static Discharge         Conj/Air       47%        N/A       1%          2
 Dazzling Flash           Conj/Hex       96%        N/A       1%          3
 Fulminant Prism          Conj/Hex       24%        3d13      1%          4
 Iskenderun's Mystic Bla  Conj/Tloc      48%        2d11      1%          4
 Corona                   Hex            28%        N/A       2%          1
 Lightning Bolt           Conj/Air       23%        1d39      3%          5
 Ensorcelled Hibernation  Hex/Ice        52%        N/A       4%          2
 Slow                     Hex            26%        N/A       4%          2
 Confusing Touch          Hex            26%        N/A       8%          3
 Tukima's Dance           Hex            26%        N/A       8%          3
 Airstrike                Air            12%        N/A       8%          4
 Lesser Beckoning         Tloc           12%        N/A       9%          3
 Animate Armour           Summ/Erth      50%        N/A       28%         4
 Summon Ice Beast         Ice/Summ       25%        N/A       28%         4
 Ice Form                 Ice/Tmut       22%        N/A       34%         4
 Silence                  Hex/Air        13%        N/A       61%         5
 Alistair's Intoxication  Tmut/Pois      14%        N/A       71%         5
 Borgnjor's Vile Clutch   Necr/Erth      11%        N/A       71%         5
 Invisibility             Hex            26%        N/A       99%         6
 Dragon's Call            Summ           12%        N/A       100%        9


Dungeon Overview and Level Annotations

Branches:
Dungeon (12/15)            Temple (1/1) D:7            Lair (0/6) D:11
    Orc (0/2) D:12        Ossuary (visited)

Altars:
Ashenzari
Cheibriados
Dithmenos
Elyvilon
Fedhas
Gozag
Hepliaklqana
Kikubaaqudgha
Makhleb
Nemelex Xobeh
Okawaru
Qazlal
Ru
Sif Muna
Trog
Uskayaw
Vehumet
Wu Jian
Xom
Yredelemnul
Zin
The Shining One

Shops:
D:10 (


Message History

The tengu reaver appears confused.
The tengu reaver mumbles something.
The tengu reaver barely misses you. The tengu reaver pecks you.
The tengu reaver claws you.
Casting: Stone Arrow (safe; 1% risk of failure)
Confirm with . or Enter, or press ? or * to list all spells.
Aiming: Stone Arrow (safe; 1% risk of failure)
Press: ? - help, Shift-Dir - straight line, f/p - tengu reaver
Aim: a tengu reaver, wielding a +0 great sword and wearing a +0 scale mail (moderately wounded, confused, 82% to hit)
The stone arrow hits the tengu reaver!
The tengu reaver is moderately wounded.
The tengu reaver cries.
Casting: Stone Arrow (safe; 1% risk of failure)
Confirm with . or Enter, or press ? or * to list all spells.
Aiming: Stone Arrow (safe; 1% risk of failure)
Press: ? - help, Shift-Dir - straight line, f/p - tengu reaver
Aim: a tengu reaver, wielding a +0 great sword and wearing a +0 scale mail (moderately wounded, confused, 82% to hit)
The stone arrow hits the tengu reaver!
The tengu reaver is heavily wounded.
Unknown command.
Casting: Stone Arrow (safe; 1% risk of failure)
Confirm with . or Enter, or press ? or * to list all spells.
Aiming: Stone Arrow (safe; 1% risk of failure)
Press: ? - help, Shift-Dir - straight line, f/p - tengu reaver
Aim: a tengu reaver, wielding a +0 great sword and wearing a +0 scale mail (heavily wounded, confused, 82% to hit)
The stone arrow hits the tengu reaver!
The tengu reaver is severely wounded.
The tengu reaver seems less confused.
The tengu reaver casts a spell at you. The bolt of fire misses you.
Casting: Stone Arrow (safe; 1% risk of failure)
Confirm with . or Enter, or press ? or * to list all spells.
Aiming: Stone Arrow (safe; 1% risk of failure)
Press: ? - help, Shift-Dir - straight line, f/p - tengu reaver
Aim: a tengu reaver, wielding a +0 great sword and wearing a +0 scale mail (severely wounded, 57% to hit)
The stone arrow misses the tengu reaver.
The tengu reaver gestures at you while chanting.
The bolt of fire hits you!!!
Ouch! That really hurt!
You die...

######## #......# #########
#.####.# ##### ........#
##.#..#.# #...# #### ........#
#.....#.# #...# #...
........###.....#.# #...# #...
........+.......#.# ##...# #...
........##......#.###....#####...
######.###......@...'........'...
######'#...#.#.<#.###....#####...
#........###.##Q#.######## ####
.........#..>..........####### #.
...........######.###........# #.
....##.#####....#.# #........###.
....##.)..........###............
....########.....................
....##...# ##...................#


You could see a tengu reaver.

Vanquished Creatures
  Josephine (D:10)
  Erica (D:11)
  A hydra (D:12)
  A death knight (D:12)
  4 two-headed ogres
  Nergalle (D:11)
  A deep elf pyromancer (D:12)
  Pikel (D:9)
  2 gargoyles
  Joseph (D:8)
  2 kobold demonologists
  An unseen horror (D:12)
  5 freezing wraiths (D:12)
  3 hornets
  3 trolls
  2 shadows
  A centaur simulacrum (D:11)
  6 wraiths
  4 water elementals (D:12)
  6 yaks
  A steam dragon (D:8)
  8 vampire mosquitoes
  3 wargs (D:11)
  A water moccasin (D:7)
  2 acid dragons
  6 orc warriors
  2 black bears
  2 sky beasts (D:6)
  2 necrophages
  2 ogres
  5 centaurs
  3 lemures (D:9)
  3 kobold brigands (D:9)
  3 bullfrogs
  A scorpion (D:5)
  A wyvern zombie (D:7)
  A gnoll sergeant (D:6)
  A water moccasin skeleton (D:4)
  A wyvern skeleton (D:5)
  11 wights
  6 howler monkeys
  5 centaur zombies
  3 hounds
  2 bullfrog zombies
  3 orc priests
  A bullfrog skeleton (D:3)
  3 gnoll shamans
  4 centaur skeletons
  2 jellies (D:5)
  3 iguanas (D:6)
  15 orc wizards
  A hound skeleton (D:4)
  8 mummies (Ossuary)
  2 howler monkey zombies
  21 gnolls
  3 adders
  A shadow imp (D:8)
  An adder zombie (D:5)
  3 worms (D:2)
  2 dart slugs
  22 orcs
  11 ball pythons
  7 endoplasms
  6 giant cockroaches
  7 goblins
  7 hobgoblins
  3 jackals (D:4)
  14 kobolds
  6 quokkas
  3 bats
  7 frilled lizards
  2 gnoll zombies (Ossuary)
  A goblin zombie (D:8)
  2 hobgoblin zombies (Ossuary)
  A kobold zombie (Ossuary)
  3 orc zombies (Ossuary)
  4 rats
  A rat zombie (D:8)
302 creatures vanquished.

Vanquished Creatures (collateral kills)
  A skeletal warrior (D:12)
  12 foxfires (D:9)
13 creatures vanquished.

Vanquished Creatures (others)
  A death knight (D:12)
  A bush (D:9)
  274 foxfires
  13 plants (D:9)
289 creatures vanquished.

Grand Total: 604 creatures vanquished

Notes
Turn   | Place    | Note
-------+----------+-------------------------------------------
     0 | D:1      | pokeman the Deep Elf Hedge Wizard began the quest for the
                  | Orb.
     0 | D:1      | Reached XP level 1. HP: 10/10 MP: 7/7
   265 | D:1      | Found a faded altar of an unknown god.
   287 | D:1      | Reached XP level 2. HP: 15/15 MP: 4/9
   866 | D:1      | Reached skill level 5 in Spellcasting
  1119 | D:1      | Reached XP level 3. HP: 18/20 MP: 6/11
  1304 | D:1      | Learned a level 2 spell: Slow
  1307 | D:1      | Learned a level 2 spell: Call Imp
  1311 | D:1      | Learned a level 3 spell: Mephitic Cloud
  1314 | D:1      | Learned a level 2 spell: Blink
  1780 | D:2      | Reached skill level 1 in Fighting
  1780 | D:2      | Reached skill level 1 in Armour
  1884 | D:2      | Reached XP level 4. HP: 19/25 MP: 1/13
  3518 | D:2      | Learned a level 3 spell: Conjure Flame
  3520 | D:2      | Learned a level 1 spell: Shock
  3544 | D:2      | Reached skill level 1 in Air Magic
  3548 | D:2      | Reached skill level 6 in Spellcasting
  3817 | D:3      | Reached XP level 5. HP: 29/29 MP: 11/15
  3952 | D:3      | Reached skill level 1 in Fire Magic
  4069 | D:3      | Found a shadowy altar of Dithmenos.
  4073 | D:3      | Reached skill level 1 in Poison Magic
  4311 | D:3      | Found a bloodstained altar of Trog.
  4975 | D:4      | Reached XP level 6. HP: 25/34 MP: 5/17
  5138 | D:4      | Reached skill level 7 in Spellcasting
  5146 | D:4      | Identified the +4 hunting sling of Grontol {venom, rF+ rC+
                  | Dex-3}
  5233 | D:4      | Reached skill level 1 in Hexes
  5663 | D:5      | Entered Level 5 of the Dungeon
  5663 | D:5      | Found a blossoming altar of Fedhas.
  5832 | D:5      | Reached XP level 7. HP: 27/38 MP: 4/20
  6124 | D:5      | Found a sparkling altar of Nemelex Xobeh.
  6146 | D:5      | Reached skill level 8 in Spellcasting
  6547 | D:5      | Found a glowing golden altar of the Shining One.
  6731 | D:5      | Learned a level 3 spell: Swiftness
  6983 | D:5      | Reached XP level 8. HP: 34/44 MP: 19/22
  7235 | D:6      | Reached skill level 9 in Spellcasting
  7556 | D:6      | Reached skill level 5 in Conjurations
  7743 | D:6      | Learned a level 1 spell: Apportation
  7979 | D:6      | Reached skill level 10 in Spellcasting
  7989 | D:6      | Reached skill level 1 in Evocations
  8331 | D:6      | Found a shimmering blue altar of Sif Muna.
  8351 | D:6      | Reached skill level 1 in Shields
  8815 | D:6      | Reached XP level 9. HP: 48/48 MP: 16/25
  9170 | D:7      | Found a staircase to the Ecumenical Temple.
  9271 | Temple   | Entered the Ecumenical Temple
  9444 | Temple   | Became a worshipper of Vehumet
  9474 | D:7      | Learned a level 6 spell: Freezing Cloud
  9481 | D:7      | Reached skill level 11 in Spellcasting
  9486 | D:7      | Reached skill level 5 in Fire Magic
  9860 | D:7      | Reached skill level 1 in Ice Magic
  9949 | D:7      | Found a hide-covered altar of Uskayaw.
 10274 | D:7      | Found a sacrificial altar of Ru.
 10274 | D:7      | Found an ornate altar of the Wu Jian Council.
 10280 | D:7      | Identified the Papyrus of Glacial Calling
 10379 | D:8      | Found a sand-covered staircase.
 10407 | Ossuary  | Entered an ossuary
 10691 | Ossuary  | Reached * piety under Vehumet
 10691 | Ossuary  | Offered knowledge of Sandblast by Vehumet.
 11071 | D:8      | Reached XP level 10. HP: 6/55 MP: 2/27
 11076 | D:8      | Reached skill level 12 in Spellcasting
 11555 | D:8      | Noticed Joseph
 11588 | D:8      | Killed Joseph
 11596 | D:8      | Reached ** piety under Vehumet
 11596 | D:8      | Offered knowledge of Foxfire by Vehumet.
 12361 | D:8      | Learned a level 1 spell: Foxfire
 13108 | D:9      | Offered knowledge of Ignite Poison by Vehumet.
 13130 | D:9      | Noticed Pikel
 13154 | D:9      | Killed Pikel
 13155 | D:9      | Reached skill level 13 in Spellcasting
 13601 | D:9      | Found a hazy altar of Hepliaklqana.
 13711 | D:9      | Reached *** piety under Vehumet
 14094 | D:10     | Entered Level 10 of the Dungeon
 14125 | D:10     | Noticed Josephine
 14159 | D:10     | Killed Josephine
 14160 | D:10     | Reached XP level 11. HP: 62/62 MP: 6/30
 14517 | D:10     | Found a burning altar of Makhleb.
 14676 | D:10     | Noticed a two-headed ogre
 14694 | D:10     | Killed a two-headed ogre
 14695 | D:10     | Reached skill level 14 in Spellcasting
 14823 | D:10     | Found Vacejoe's Weapon Shoppe.
 14869 | D:10     | Found an opulent altar of Gozag.
 14869 | D:10     | Found a glowing silver altar of Zin.
 15029 | D:10     | Noticed a two-headed ogre
 15044 | D:10     | Killed a two-headed ogre
 15379 | D:10     | Offered knowledge of Stone Arrow by Vehumet.
 15406 | D:10     | Learned a level 3 spell: Stone Arrow
 15992 | D:11     | Reached skill level 5 in Fighting
 16073 | D:11     | Found a glowing golden altar of the Shining One.
 16111 | D:11     | Reached skill level 1 in Earth Magic
 16229 | D:11     | Identified the +9 falchion of Articulation {vorpal, Int+3}
 16411 | D:11     | Found a staircase to the Lair.
 16432 | D:11     | Reached **** piety under Vehumet
 16714 | D:11     | Noticed Nergalle
 16722 | D:11     | Killed Nergalle
 17004 | D:11     | Noticed Erica
 17015 | D:11     | Killed Erica
 17016 | D:11     | Reached skill level 15 in Spellcasting
 17187 | D:12     | Noticed a two-headed ogre
 17187 | D:12     | Noticed a two-headed ogre
 17198 | D:12     | Killed a two-headed ogre
 17201 | D:12     | Killed a two-headed ogre
 17201 | D:12     | Offered knowledge of Frozen Ramparts by Vehumet.
 17276 | D:12     | Reached XP level 12. HP: 52/68 MP: 27/33
 17394 | D:12     | Noticed a six-headed hydra
 17401 | D:12     | Killed a six-headed hydra
 17414 | D:12     | Noticed a death knight
 17840 | D:12     | Learned a level 6 spell: Shadow Creatures
 18159 | D:12     | Found a staircase to the Orcish Mines.
 18171 | D:12     | Reached skill level 16 in Spellcasting
 18173 | D:12     | Reached skill level 5 in Armour
 18318 | D:12     | Noticed a centaur warrior
 18318 | D:12     | Noticed a death knight
 18337 | D:12     | Killed a death knight
 18338 | D:12     | Reached skill level 10 in Conjurations
 18346 | D:12     | Noticed a tengu reaver
 18350 | D:12     | Noticed a tengu warrior
 18351 | D:12     | Noticed a war gargoyle
 18613 | D:12     | Killed from afar by a tengu reaver

Illustrated notes

Levels and vault maps discovered:
D:1:      matt_arrival_spirals, layout_basic, hellmonk_ecumenical_altar_lost_god
D:2:      minmay_alternating_diamond, layout_basic, item_on_display_a
D:3:      layout_basic, lemuel_round_altar, nicolae_dithmenos_the_darkroom,
          chequers_serial_rivers_small_b
D:4:      layout_loops_ring
D:5:      layout_cave_pods, nemelex_dance_club_becter, fedhas_altar_1,
          lemuel_round_altar
D:6:      layout_loops_ring, kennysheep_orc_sif_temple, minmay_between
D:7:      layout_loops_ring, nicolae_uskayaw_dance_hall,
          gammafunk_temple_overflow_pools, minmay_temple_entry_purple_smoke,
          feat_on_display
D:8:      layout_rooms, enter_ossuary_4, uniq_joseph
D:9:      kennysheep_ambush_hall, layout_irregular_city,
          nicolae_hepliaklqana_hippocampus, kennysheep_boxes, uniq_pikel
D:10:     layout_loops_corners, grunt_temple_overflow_gold_and_silver,
          overflow_temple_1_default, serial_shops, nicolae_shop_waterfront,
          kennysheep_decorative_pillar, uniq_josephine
D:11:     layout_long_grid, erik_lair_orcish_takeover, tso_oasis_becter,
          uniq_nergalle, uniq_erica
D:12:     minmay_mutant_horseshoe, layout_basic, orc_0_dummy,
          nicolae_underground_beach
Temple:   compressed_dpeg_triangle_lava_temple

Skill      XL: |  1  2  3  4  5  6  7  8  9 10 11 12 |
---------------+-------------------------------------+-----
Spellcasting   | 5 6 7 8 10 11 13 15 16 | 16.1
Fighting       | 1 2 4 5 |  5.0
Armour         | 1 3 4 5 |  5.1
Conjurations   | 2 3 4 5 6 8 9 10 | 10.0
Air Magic      | 1 |  1.0
Fire Magic     | 1 2 4 5 7 8 9 |  9.3
Poison Magic   | 1 |  1.0
Dodging        | 3 |  3.0
Stealth        | 3 |  3.0
Hexes          | 1 |  1.3
Evocations     | 1 2 |  2.0
Shields        | 1 2 4 |  4.0
Ice Magic      | 1 |  1.0
Earth Magic    | 1 |  1.0
Summonings     | |  1.1
Translocations | |  1.1

Action                   |  1- 3 |  4- 6 |  7- 9 | 10-12 || total
-------------------------+-------+-------+-------+-------++-------
Melee: Dagger            |     8 |    30 |    98 |   131 ||   267
       Falchion          |       |       |       |    16 ||    16
 Fire: Shortbow          |       |       |     5 |    27 ||    32
       Hand crossbow     |       |       |       |    68 ||    68
 Cast: Magic Dart        |    86 |   188 |   159 |    15 ||   448
       Mephitic Cloud    |     1 |     2 |    16 |    33 ||    52
       Conjure Flame     |       |     2 |    27 |    48 ||    77
       Shock             |       |       |    62 |    58 ||   120
       Call Imp          |       |       |    13 |    17 ||    30
       Blink             |       |       |     4 |     5 ||     9
       Swiftness         |       |       |     2 |       ||     2
       Foxfire           |       |       |       |   157 ||   157
       Stone Arrow       |       |       |       |    74 ||    74
       Freezing Cloud    |       |       |       |     6 ||     6
Evoke: Wand              |       |       |     3 |     6 ||     9
  Use: Scroll            |       |       |     5 |       ||     5
 Stab: Confused          |     1 |     2 |     2 |    10 ||    15
       Sleeping          |       |     1 |       |       ||     1
       Paralysed         |       |       |     2 |     3 ||     5
Armor: Leather armour    |     1 |    19 |    41 |     2 ||    63
       Acid dragon scale |       |       |       |    56 ||    56
Dodge: Dodged            |    17 |    42 |    99 |   145 ||   303
Block: Buckler           |       |       |       |    20 ||    20
       Rpst.: Falchion   |       |       |       |     4 ||     4

Table legend: (Time is in decaauts)
 A = Elapsed time spent in this place.
 B = Non-inter-level travel time spent in this place.
 C = Inter-level travel time spent in this place.
 D = Time resting spent in this place.
 E = Time spent auto-exploring this place.
 F = Levels seen in this place.
 G = Mean time per level.
                   A        B        C        D        E       F      G
               +--------+--------+--------+--------+--------+-----+--------+
         Total |  18668 |  18215 |    453 |   1585 |  13830 |  14 | 1333.4 |
       Dungeon |  17894 |  17455 |    439 |   1421 |  13398 |  12 | 1491.2 |
        Temple |    188 |    174 |     14 |      0 |    165 |   1 |  188.0 |
       Ossuary |    585 |    585 |      0 |    164 |    267 |   1 |  585.0 |
               +--------+--------+--------+--------+--------+-----+--------+

Top non-repeatable levels by time:
     D:2: 2135 daAuts
     D:9: 1990 daAuts
     D:6: 1974 daAuts
    D:10: 1664 daAuts
     D:1: 1635 daAuts
     D:5: 1516 daAuts
    D:11: 1441 daAuts
     D:8: 1424 daAuts
    D:12: 1206 daAuts
     D:7: 1014 daAuts
     D:4: 980 daAuts
     D:3: 910 daAuts
 Ossuary: 585 daAuts
  Temple: 188 daAuts
